 Dungeon Crawl Stone Soup version 0.19.1-1-g22dce08 (webtiles) character file.

149 SilentJan the Bolt Thrower (level 5, -3/42 HPs)
             Began as a Centaur Hunter on Jan 3, 2017.
             Slain by Edmund
             ... wielding a +2 flail of venom
              (5 damage)
             ... on level 4 of the Dungeon on Jan 4, 2017.
             The game lasted 00:41:51 (1562 turns).

SilentJan the Bolt Thrower (Centaur Hunter)         Turns: 1562, Time: 00:41:52

Health: -3/42      AC:  8    Str: 16    XL:     5   Next: 9%
Magic:  5/5        EV:  7    Int: 10    God:
Gold:   60         SH:  0    Dex:  9    Spells: 0 memorised, 4 levels left

rFire  . . .     SeeInvis .     a - +1 hand crossbow
rCold  . . .     Gourm    .     m - +1 scale mail
rNeg   . . .     Faith    .     (no shield)
rPois  .         Spirit   .     (no helmet)
rElec  .         Reflect  .     (no cloak)
rCorr  .         Harm     .     i - +0 pair of gloves
MR     .....                    (no barding)
Stlth  ..........               (no amulet)
                                (no ring)
                                (no ring)

@: lethally poisoned (-3 -> -25), very quick
A: hooves 3, deformed body, speed 2, tough skin 3
a: no special abilities


You were on level 4 of the Dungeon.
You were not hungry.

You visited 1 branch of the dungeon, and saw 4 of its levels.

You collected 60 gold pieces.

Inventory:

Hand Weapons
 a - a +1 hand crossbow (weapon)
 b - a +0 short sword
 j - a +0 hand axe
 n - a +0 club
 o - a +0 war axe
Missiles
 d - 25 bolts (quivered)
 A - 21 sling bullets
Armour
 c - a +0 leather armour
 i - a +0 pair of gloves (worn)
 m - a +1 scale mail (worn)
 p - a +0 leather armour
Scrolls
 e - a scroll of fog
 u - 3 scrolls of recharging
Comestibles
 f - 5 bread rations
 g - 2 fruits
 k - a meat ration
 v - a slice of pizza


   Skills:
 + Level 2.5 Fighting
 + Level 6.8 Crossbows
 - Level 1.3 Dodging
 - Level 0.4 Stealth


You had 4 spell levels left.
You didn't know any spells.

Dungeon Overview and Level Annotations

Branches:
Dungeon (4/15)
 Temple: D:4-7

Altars:
Fedhas
Kikubaaqudgha
Nemelex Xobeh
Yredelemnul

Annotations:
D:3 Sigmund
D:4 Edmund


Innate Abilities, Weirdness & Mutations

You have hooves in place of feet.
Armour fits poorly on your strangely shaped body.
You cover ground very quickly.
You have extremely tough skin. (AC +3)


Message History

You shoot a bolt.
The bolt hits Edmund but does no damage.
Edmund is severely wounded.
* * * LOW HITPOINT WARNING * * *
You feel sick. Edmund hits you with a flail of venom.
* * * LOW HITPOINT WARNING * * *
You are more poisoned.
As you read the scroll labeled RIUMETH HUUDYT, it crumbles to dust.
It is a scroll of enchant armour.
Your +0 scale mail glows green for a moment.
* * * LOW HITPOINT WARNING * * *
You feel sick. Edmund barely misses you.
Firing (i - inventory):
d - 26 bolts (quivered)
Press: ? - help, Shift-Dir - straight line, f/p - Edmund
Aim: Edmund, wielding a flail of venom and wearing a leather armour (severely wounded)
You shoot a bolt. The bolt closely misses Edmund.
* * * LOW HITPOINT WARNING * * *
You feel very sick. Edmund hits you with a flail of venom.
You die...

#....#.........
#.#.##.........
#.#.###.#####..
#$ #.# .# #. #.#
#. #... #. #
###..#.###.#
....>..@.#.#####
####.#@.........
....(.#.#.#####
###(#.#.#.#
#.#.#.# # #
#.#.# #.#.#
#.#.# #.#


You could see Edmund.

Vanquished Creatures
  An ogre (D:4)
  2 adders (D:2)
  A dart slug (D:2)
  A leopard gecko (D:1)
  5 orcs (D:3)
  3 bats
  2 giant cockroaches
  5 goblins
  7 hobgoblins
  A quokka (D:2)
  3 frilled lizards
  5 kobolds (D:1)
  A leopard gecko skeleton (D:4)
  7 rats
44 creatures vanquished.

Notes
Turn   | Place    | Note
-------+----------+-------------------------------------------
     0 | D:1      | SilentJan the Centaur Hunter began the quest for the Orb.
     0 | D:1      | Reached XP level 1. HP: 17/17 MP: 1/1
   264 | D:1      | Reached XP level 2. HP: 16/24 MP: 2/2
   362 | D:1      | Reached skill level 5 in Crossbows
   938 | D:2      | Found a sparkling altar of Nemelex Xobeh.
   966 | D:2      | Reached XP level 3. HP: 29/29 MP: 3/3
  1106 | D:3      | Reached skill level 6 in Crossbows
  1163 | D:3      | Found an ancient bone altar of Kikubaaqudgha.
  1165 | D:3      | Found a blossoming altar of Fedhas.
  1267 | D:3      | Reached XP level 4. HP: 36/36 MP: 4/4
  1268 | D:3      | Noticed Sigmund
  1271 | D:3      | Found a basalt altar of Yredelemnul.
  1308 | D:4      | Noticed an ogre
  1313 | D:4      | Killed an ogre
  1313 | D:4      | Reached XP level 5. HP: 13/42 MP: 5/5
  1551 | D:4      | Noticed Edmund
  1562 | D:4      | HP: 2/42 [poisoned by Edmund]
  1562 | D:4      | Slain by Edmund

Skill      XL: |  1  2  3 |
---------------+----------+-----
Crossbows      | 5 6 |  6.8
Fighting       | |  2.5
Dodging        | |  1.3
Stealth        | |  0.4

Action                   |  1- 3 |  4- 6 || total
-------------------------+-------+-------++-------
Melee: Hand crossbow     |       |     1 ||     1
 Fire: Hand crossbow     |   101 |    20 ||   121
  Use: Scroll            |     5 |     3 ||     8
       Potion            |     4 |     1 ||     5
  Eat: Chunk             |       |     1 ||     1
Armor: Leather armour    |    10 |       ||    10
       Scale mail        |       |     1 ||     1
Dodge: Dodged            |    18 |     2 ||    20
